 Dungeon Crawl Stone Soup version 0.29.1-12-g30fa7ad0bf (webtiles) character file.

Game seed: 16227801700583865753

138 wormed the Shooter (level 5, 0/27 HPs)
             Began as a Spriggan Hunter on Dec 29, 2022.
             Shot with an arrow by a centaur (7 damage)
             ... on level 3 of the Dungeon.
             The game lasted 00:03:56 (1701 turns).

wormed the Shooter (Spriggan Hunter)                Turns: 1701, Time: 00:03:57

Health: 0/27       AC:  2    Str:  6 (7)  XL:     5   Next: 1%
Magic:  6/6        EV: 19    Int:  9 (10) God:
Gold:   155        SH:  0    Dex: 20 (21) Spells: 4/4 levels left

rFire   . . .      SeeInvis +   a - +0 shortbow
rCold   + . .      Faith    .   (shield currently unavailable)
rNeg    . . .      Spirit   .   c - +0 robe
rPois   .          Reflect  .   (helmet restricted)
rElec   .          Harm     .   (no cloak)
rCorr   .          Rampage  .   (gloves unavailable)
Will    .....                   (boots unavailable)
Stlth   +++.......              (no amulet)
HPRegen 0.09/turn               (no ring)
MPRegen 0.10/turn               (no ring)

@: unable to drink, very quick
A: very small, no large weapons, unfitting armour, see invisible, speed 3,
hooves 1, cold resistance 1, inability to drink after injury 1, devolution 1
a: no special abilities


You were on level 3 of the Dungeon.
You visited 1 branch of the dungeon, and saw 3 of its levels.

You collected 155 gold pieces.

Inventory:

Hand Weapons
 a - a +0 shortbow (weapon)
Armour
 c - a +0 robe (worn)
Wands
 n - a wand of iceblast (11)
Scrolls
 b - a scroll of immolation
 f - 2 scrolls of enchant weapon {unknown}
 i - a scroll of enchant armour {unknown}
 j - a scroll of acquirement {unknown}
 k - 4 scrolls of identify {unknown}
 l - a scroll of noise {unknown}
Potions
 e - a potion of might
 g - a potion of degeneration
 h - a potion of brilliance


   Skills:
 + Level 2.3 Fighting
 * Level 5.0 Ranged Weapons
 + Level 3.8 Dodging
 + Level 3.7 Stealth


You had 4 spell levels left.
You didn't know any spells.
Your spell library contained the following spells:

 Spells                   Type           Power      Damage    Failure   Level
 Apportation              Tloc           0%         N/A       38%         1
 Foxfire                  Conj/Fire      0%         2x1d4     38%         1
 Summon Small Mammal      Summ           0%         N/A       38%         1
 Alistair's Intoxication  Tmut/Pois      0%         N/A       100%        5


Dungeon Overview and Level Annotations

Branches:
Dungeon (3/15)

Altars:
Elyvilon

Shops:
D:1 :


Innate Abilities, Weirdness & Mutations

You are very small and have problems with some larger weapons.
You are too small for most types of armour.
You have supernaturally acute eyesight. (SInv)
You cover ground extremely quickly. (Speed+++)
You have large cloven feet.
Your flesh is cold resistant. (rC+)
You occasionally lose the ability to drink potions when taking damage.
You have hidden genetic defects.


Message History

You start resting.
You hear the slow rusting of a very distant drain.
You start resting.
You hear the rusting of a very distant drain.
You start resting.
HP restored.
Unknown command.
Things that are here:
a +0 short sword; 4 poisoned darts A worm comes into view.
A worm is nearby!
You shoot an arrow.
The arrow hits the worm but does no damage.
You hear a shout!
A centaur comes into view. It is wielding a +0 club.
You hear a shout!
You shoot an arrow. The arrow hits the centaur!
The centaur is moderately wounded.
The centaur unwields a +0 club.
The centaur wields a +0 shortbow.
The centaur shoots an arrow.
The arrow misses you.
You shoot an arrow. The arrow hits the centaur.
The centaur is heavily wounded.
The centaur shoots an arrow.
The arrow hits you.
The centaur shoots an arrow.
The arrow hits you!
You are too injured to fight recklessly!
You are too injured to fight recklessly!
Unknown command.
The centaur shoots an arrow.
The arrow closely misses you.
The centaur unwields a +0 shortbow.
The centaur wields a +0 club.
The centaur hits you with a +0 club.
You feel threatened and lose the ability to drink potions!
* * * LOW HITPOINT WARNING * * *
The centaur closely misses you.
The centaur unwields a +0 club.
The centaur wields a +0 shortbow.
The centaur shoots an arrow.
The arrow closely misses you.
You hear a shout!
There is a stone staircase leading up here.
You hear an angry hiss.
The centaur shoots an arrow.
The arrow hits you!
You die...

.# #.##### .#
#.#.#...# .#
#.#.#...##.#
#.#.#......#
#w#.#...#..
#.#.#...#.#
#!#.#...#.#
#.#@....#)#
#######.#.#...#.#
........#.......##...
.........c............
...)......############
##.....##...# #.....
###).# ....... ..#
.....#. .#


You could see a centaur.

Vanquished Creatures
  A kobold brigand (D:3)
  3 adders
  A worm (D:2)
  A dart slug (D:1)
  5 endoplasms
  A giant cockroach (D:1)
  4 goblins
  2 hobgoblins
  3 kobolds (D:1)
  2 quokkas (D:1)
  4 ball pythons
  4 bats
  2 frilled lizards
  3 rats
36 creatures vanquished.

Notes
Turn   | Place    | Note
-------+----------+-------------------------------------------
     0 | D:1      | wormed the Spriggan Hunter began the quest for the Orb.
     0 | D:1      | Reached XP level 1. HP: 10/10 MP: 2/2
   142 | D:1      | Found Cugoku Hynu's Book Shoppe.
   266 | D:1      | Found a faded altar of an unknown god.
   300 | D:1      | Reached XP level 2. HP: 13/15 MP: 3/3
   490 | D:1      | Got Sif Muna's Tractate on Blasts and Generation
   745 | D:1      | Reached XP level 3. HP: 16/18 MP: 4/4
  1272 | D:2      | Found a white marble altar of Elyvilon.
  1506 | D:3      | Reached XP level 4. HP: 23/23 MP: 5/5
  1510 | D:3      | Noticed a kobold brigand
  1532 | D:3      | Gained mutation: You have hidden genetic defects. [potion
                  | of mutation]
  1532 | D:3      | Gained mutation: You have large cloven feet. [potion of
                  | mutation]
  1532 | D:3      | Gained mutation: Your flesh is cold resistant. (rC+)
                  | [potion of mutation]
  1540 | D:3      | Killed a kobold brigand
  1541 | D:3      | Reached skill level 5 in Ranged Weapons
  1541 | D:3      | Reached XP level 5. HP: 21/27 MP: 6/6
  1554 | D:3      | Gained mutation: You occasionally lose the ability to drink
                  | potions when taking damage. [hidden defects]
  1693 | D:3      | Noticed a centaur
  1701 | D:3      | Shot with an arrow by a centaur

Illustrated notes

Levels and vault maps discovered:
D:1:      tarquinn_simple_flora_water_f, layout_loops_ring,
          shapermc_ecumenical_altar_starsandcircs, serial_shops, shop
D:2:      layout_rooms, basic_altar, hangedman_abyss_or_decor_stabs,
          minmay_pentomino_r4
D:3:      layout_basic, gup_sewer_entry_spiral, uniq_robin

Skill      XL: |  1  2  3  4 |
---------------+-------------+-----
Stealth        | 2 3 |  3.7
Dodging        | 3 |  3.8
Fighting       | 2 |  2.3
Ranged Weapons | 5 |  5.0

Action                   |  1- 3 |  4- 6 || total
-------------------------+-------+-------++-------
 Fire: Shortbow          |    99 |    16 ||   115
  Use: Potion            |       |     7 ||     7
Armor: Robe              |     3 |       ||     3
       Skin              |       |     6 ||     6
Dodge: Dodged            |    33 |     8 ||    41
